 Dungeon Crawl Stone Soup version 0.31-a0-986-g5e6e4ef867 (webtiles) character file.

Game seed: 3241087773327442803

46930 FakeRyeBread the Brawler (level 14, -4/143 HPs)
             Began as a Troll Fighter on Nov 9, 2023.
             Was a High Priest of Wu Jian.
             Slain by a death yak (30 damage)
             ... on level 4 of the Lair of Beasts.
             The game lasted 00:40:58 (13525 turns).

FakeRyeBread the Brawler (Troll Fighter)           Turns: 13525, Time: 00:40:59

Health: -4/143     AC: 10    Str: 27    XL:     14   Next: 6%
Magic:  13/13      EV: 12    Int:  8    God:    Wu Jian [*****.]
Gold:   208        SH: 25    Dex: 15    Spells: 13/13 levels left

rFire   + .          .
                       - Unarmed
rCold   . . .        k - +3 tower shield
rNeg    . . .        Q - +0 troll leather armour
rPois   +            r - +2 hat
rElec   .            E - +2 cloak {rPois}
rCorr   .            (gloves unavailable)
SInv    .            (boots unavailable)
Will    +....        T - amulet of reflection
Stlth   +            e - ring of protection from fire
HPRegen 2.03/turn    g - +6 ring of dexterity
MPRegen 0.13/turn

%: reflection
@: mighty, hasted, very quick
A: large, unfitting armour, claws 3, regeneration 1, shaggy fur 1, tough skin 1,
fangs 1, horns 1
a: Renounce Religion, Wall Jump, Serpent's Lash, Heavenly Storm


You were on level 4 of the Lair of Beasts.
You worshipped Wu Jian.
Wu Jian was extremely pleased with you.
You visited 3 branches of the dungeon, and saw 17 of its levels.
You also visited: Sewer and Ossuary.

You collected 966 gold pieces.
You spent 758 gold pieces at shops.

Inventory:

Missiles
 h - 154 stones
 n - 22 poisoned darts
 v - 4 darts of dispersal
 w - 9 curare-tipped darts
 P - 11 large rocks
 S - 6 boomerangs (quivered)
Armour
 k - a +3 tower shield (worn)
 r - a +2 hat (worn)
 E - a +2 cloak of poison resistance (worn)
 Q - a +0 troll leather armour (worn)
Jewellery
 a - a ring of ice
 e - a ring of protection from fire (left claw)
 f - a ring of poison resistance
 g - a +6 ring of dexterity (right claw)
 O - a ring of ice
 R - a +6 ring of intelligence
 T - an amulet of reflection (around neck)
Wands
 p - a wand of flame (22)
 s - a wand of roots (26)
 y - a wand of mindburst (13)
 M - a wand of paralysis (3)
Scrolls
 b - 2 scrolls of amnesia
 i - 2 scrolls of poison
 o - a scroll of immolation
 q - 6 scrolls of teleportation
 B - 4 scrolls of fear
 C - 2 scrolls of fog
 G - 2 scrolls of torment
 H - 2 scrolls of revelation
 I - 8 scrolls of identify
 K - a scroll of butterflies
 L - a scroll of blinking
 N - a scroll of brand weapon
Potions
 c - 2 potions of might
 d - a potion of heal wounds
 j - 6 potions of attraction
 l - 3 potions of haste
 m - 2 potions of magic
 t - 4 potions of brilliance
 u - a potion of ambrosia
 x - 3 potions of enlightenment
 z - 3 potions of degeneration
 A - 3 potions of curing
 D - a potion of invisibility
 F - a potion of cancellation
 J - 2 potions of lignification


   Skills:
 + Level 10.1 Fighting
 + Level 8.8 Dodging
 + Level 11.0 Shields
 * Level 16.1 Unarmed Combat


You had 13 spell levels left.
You didn't know any spells.
Your spell library contained the following spells:

 Spells                   Type           Power      Damage    Failure   Level
 Magic Dart               Conj           0%         1d3       82%         1
 Shock                    Conj/Air       0%         1d3       82%         1
 Slow                     Hex            0%         N/A       82%         1
 Call Imp                 Summ           0%         N/A       91%         2
 Confusing Touch          Hex            0%         N/A       99%         3
 Inner Flame              Hex/Fire       0%         N/A       99%         3
 Mephitic Cloud           Conj/Pois/Air  0%         N/A       99%         3
 Sigil of Binding         Hex            0%         N/A       99%         3
 Swiftness                Air            0%         N/A       99%         3
 Tukima's Dance           Hex            0%         N/A       99%         3
 Vampiric Draining        Necr           0%         2d6       99%         3
 Airstrike                Air            0%         2d(0-16)  100%        4
 Manifold Assault         Tloc           0%         N/A       100%        4
 Dispersal                Tloc           0%         N/A       100%        6
 Starburst                Conj/Fire      0%         6d3       100%        6
 Disjunction              Tloc           0%         N/A       100%        8


Dungeon Overview and Level Annotations

Branches:
Dungeon (12/15)            Temple (1/1) D:7            Lair (4/5) D:9
  Swamp (0/4) Lair:2        Snake (0/4) Lair:2        Slime (0/5) Lair:4
    Orc (0/2) D:9           Sewer (visited)         Ossuary (visited)

Altars:
Ashenzari
Cheibriados
Dithmenos
Elyvilon
Fedhas
Gozag
Hepliaklqana
Kikubaaqudgha
Makhleb
Nemelex Xobeh
Okawaru
Qazlal
Ru
Sif Muna
Trog
Uskayaw
Vehumet
Wu Jian
Xom
Yredelemnul
Zin
The Shining One

Shops:
D:4 *   D:6 *   D:8 **   D:11 *

Annotations:
D:12 3 runed translucent doors, lunkers's ghost, journeyman MeSh
Lair:4 1 transporter


Innate Abilities, Weirdness & Mutations

You are too large for most types of armour.
You have claws for hands.
Your natural rate of healing is unusually fast.
You are covered in fur. (AC +1)
You have tough skin. (AC +1)
You have very sharp teeth.
You have a pair of small horns on your head.


Message History

Justen's ghost shrieks, "There is no future for me!"
You block justen's ghost's attack. You block the death yak's attack.
You closely miss justen's ghost. Your headbutt misses justen's ghost.
Your bite misses justen's ghost.
Justen's ghost is heavily damaged.
The moth of wrath goads the death yak on!
The death yak goes berserk!
The moth of wrath goads something on!
You scratch justen's ghost.
Justen's ghost is severely damaged.
You block the death yak's attack. Justen's ghost hits you!
The moth of wrath goads something on!
The moth of wrath goads the yak on!
The yak goes berserk!
You mangle justen's ghost!!
Justen's ghost is almost destroyed.
The death yak gores you!!
You mangle justen's ghost!!
You destroy justen's ghost!
The Council accepts your kill. The death yak gores you!!
* * * LOW HITPOINT WARNING * * *
Your Shields skill increases to level 11!
You mangle the moth of wrath!! Your headbutt misses the moth of wrath.
The moth of wrath is heavily wounded.
You block the moth of wrath's attack. You block the death yak's attack.
The water moccasin rages.
You scratch the moth of wrath.
The moth of wrath is heavily wounded.
You block the death yak's attack.
You claw the moth of wrath!
The moth of wrath is almost dead.
You block the moth of wrath's attack. The death yak closely misses you.
You claw the moth of wrath!
You kill the moth of wrath!
The Council accepts your kill.
The yak rages.
You eviscerate the cane toad!!! You headbutt the cane toad.
You kill the cane toad!
The Council accepts your kill. The death yak gores you!!
You die...

,* #...##.##..#.y..##.....+...#..
,* #......#.#...#...#.....†#..#..
,**##.+##.#S.#.##.!##.....###....
,**,**,*#.##$#...#.#©.....#.+....
,*,..#.##.†#$#.....##.......#8...
,,,.......©#=[.©#...#............
,,,........#).#.Y.#.#........#...
,,,.......##...Y†#.##.........#).
,,,.......#..#.#@..#.............
,,,.......#..#.#...#.#.........#.
,,,.......##......©#..#.......###
,,*###..#..###...###.##......#.#,
,,,#...##....#####...#........##.
,,*#.....#...........#.......###.
,,*P......P...#.#....##.......#..
,,,............#.....##......##P.
,,,,.....#....##....###......P##.


You could see a death yak (berserk) and a yak (berserk).

Vanquished Creatures
  The ghost of justen the Mimic, a journeyman MfSh of Cheibriados (Lair:4)
  Fannar (Lair:1)
  A hydra (Lair:3)
  A catoblepas (Lair:3)
  A boulder beetle (D:11)
  A death knight (D:11)
  A death yak (Lair:3)
  A fire crab (Lair:3)
  2 skysharks
  Pikel (D:4)
  A manticore (D:11)
  2 ugly things
  A moth of wrath (Lair:4)
  3 cyclopes
  15 elephants
  4 molten gargoyles (D:10)
  4 black mambas
  11 cane toads
  2 gargoyles (D:12)
  2 rime drakes
  10 komodo dragons
  2 unseen horrors (D:10)
  3 kobold demonologists
  A polar bear (Lair:1)
  3 trolls
  3 meliai (D:12)
  3 hornets (Lair:3)
  Prince Ribbit (D:7)
  2 dream sheep (Lair:3)
  14 blink frogs
  12 spriggans (Lair:3)
  37 yaks
  5 wyverns
  A wraith (D:12)
  Eustachio (D:5)
  2 steam dragons
  2 basilisks
  A swamp worm (Lair:2)
  4 nagas (Lair:2)
  3 acid dragons
  9 water moccasins
  3 orc warriors
  A sky beast (D:7)
  3 black bears
  An ogre (D:6)
  2 boggarts (Lair:3)
  3 centaurs
  20 wolves
  3 kobold brigands
  4 lemures
  2 phantoms
  14 bullfrogs
  3 necrophages (D:7)
  6 scorpions
  A wyvern zombie (D:7)
  3 gnoll sergeants
  3 water moccasin zombies
  9 wights
  3 killer bees (D:8)
  2 centaur zombies (D:7)
  A lava snake (D:10)
  3 hounds
  A human zombie (D:7)
  3 orc priests
  Crazy Yiuf (D:6)
  2 gnoll boudas
  3 iguanas
  4 sleepcaps
  Ijyb (D:3)
  3 orc wizards (D:7)
  6 hell rats
  2 killer bee zombies (D:7)
  3 mummies
  19 gnolls
  11 adders
  2 shadow imps
  2 white imps
  2 ufetubi (D:5)
  5 adder zombies (Ossuary)
  A worm (D:2)
  3 dart slugs
  21 orcs
  7 bats
  6 endoplasms
  6 giant cockroaches
  4 gnoll zombies (Ossuary)
  10 goblins
  10 hobgoblins
  15 jackals
  22 kobolds
  7 quokkas
  8 ball pythons
  8 frilled lizards
  6 hobgoblin zombies (Ossuary)
  3 kobold zombies (Ossuary)
  6 orc zombies (Ossuary)
  6 rats
484 creatures vanquished.

Vanquished Creatures (others)
  A boggart (Lair:3)
1 creature vanquished.

Grand Total: 485 creatures vanquished

Notes
Turn   | Place    | Note
-------+----------+-------------------------------------------
     0 | D:1      | FakeRyeBread the Troll Fighter began the quest for the Orb.
     0 | D:1      | Reached XP level 1. HP: 22/22 MP: 0/0
   229 | D:1      | Reached XP level 2. HP: 27/29 MP: 1/1
   382 | D:1      | Reached XP level 3. HP: 36/36 MP: 2/2
   612 | D:1      | Reached skill level 3 in Unarmed Combat
   817 | D:2      | Found a faded altar of an unknown god.
  1243 | D:2      | Reached XP level 4. HP: 45/45 MP: 3/3
  1695 | D:3      | Reached skill level 4 in Unarmed Combat
  1695 | D:3      | Reached XP level 5. HP: 49/53 MP: 4/4
  1766 | D:3      | Noticed Ijyb
  1772 | D:3      | Killed Ijyb
  2023 | D:3      | Reached XP level 6. HP: 61/61 MP: 5/5
  2037 | D:3      | Found a shimmering altar of Xom.
  2300 | D:4      | Noticed Pikel
  2390 | D:4      | Killed Pikel
  2391 | D:4      | Reached skill level 6 in Unarmed Combat
  2391 | D:4      | Reached XP level 7. HP: 67/70 MP: 6/6
  2441 | D:4      | Found Zojah's Neck Hole.
  2447 | D:4      | Bought a +1 cloak for 138 gold pieces
  2770 | D:5      | Entered Level 5 of the Dungeon
  2787 | D:5      | Reached skill level 5 in Shields
  2787 | D:5      | Reached skill level 7 in Unarmed Combat
  2787 | D:5      | Reached XP level 8. HP: 64/79 MP: 7/7
  2805 | D:5      | Noticed Eustachio
  2856 | D:5      | Killed Eustachio
  3485 | D:6      | Found Xausser's General Store.
  3565 | D:6      | Reached skill level 5 in Fighting
  3575 | D:6      | Reached skill level 8 in Unarmed Combat
  3602 | D:6      | Found a hazy altar of Hepliaklqana.
  3660 | D:6      | Found a glowing drain.
  3676 | Sewer    | Entered a sewer
  3800 | D:6      | Found a sand-covered staircase.
  3800 | D:6      | Noticed a kobold demonologist
  3800 | D:6      | Noticed a kobold demonologist
  3802 | D:6      | Noticed a hellwing
  3805 | D:6      | Noticed a rust devil
  3806 | D:6      | Killed a kobold demonologist
  3807 | D:6      | Reached XP level 9. HP: 85/88 MP: 8/8
  3810 | Ossuary  | Entered an ossuary
  3988 | D:6      | Noticed a smoke demon
  3990 | D:6      | Killed a kobold demonologist
  3991 | D:6      | Reached skill level 9 in Unarmed Combat
  4341 | D:6      | Found an opulent altar of Gozag.
  4439 | D:6      | Bought a scroll of identify for 30 gold pieces
  4569 | D:6      | Found a bloodstained altar of Trog.
  4750 | D:6      | Found a runed translucent door.
  4751 | D:6      | Noticed Crazy Yiuf
  4755 | D:6      | Killed Crazy Yiuf
  4941 | D:7      | Found a staircase to the Ecumenical Temple.
  4950 | Temple   | Entered the Ecumenical Temple
  4967 | Temple   | Became a worshipper of the Wu Jian Council
  5150 | D:7      | Found an ancient bone altar of Kikubaaqudgha.
  5179 | D:7      | Reached skill level 10 in Unarmed Combat
  5230 | D:7      | Reached XP level 10. HP: 100/100 MP: 9/9
  5476 | D:7      | Noticed Prince Ribbit
  5490 | D:7      | Killed Prince Ribbit
  5522 | D:7      | Reached * piety under Wu Jian
  5817 | D:8      | Found Fenubekk's Assorted Antiques.
  5953 | D:8      | Found a white marble altar of Elyvilon.
  6084 | D:8      | Found a blossoming altar of Fedhas.
  6161 | D:8      | Bought a scroll of identify for 52 gold pieces
  6161 | D:8      | Bought a scroll labelled XAWOGO MUOFUFA for 26 gold pieces
  6338 | D:8      | Found Tuv Nest's Assorted Antiques.
  6350 | D:8      | Bought a scroll of identify for 64 gold pieces
  6350 | D:8      | Bought a smoky black potion for 28 gold pieces
  6350 | D:8      | Bought a scroll labelled OPRAPE LOPOCU for 32 gold pieces
  6350 | D:8      | Bought a fuming inky potion for 28 gold pieces
  6413 | D:8      | Gained mutation: You have very sharp teeth. [potion of
                  | mutation]
  6413 | D:8      | Gained mutation: You have a pair of small horns on your
                  | head. [potion of mutation]
  6558 | D:9      | Reached skill level 11 in Unarmed Combat
  6591 | D:9      | Found a staircase to the Lair.
  6625 | D:9      | Reached ** piety under Wu Jian
  7025 | D:9      | Found a sacrificial altar of Ru.
  7055 | D:9      | Found a staircase to the Orcish Mines.
  7055 | D:9      | Found a snail-covered altar of Cheibriados.
  7120 | D:9      | Reached skill level 5 in Dodging
  7241 | D:10     | Entered Level 10 of the Dungeon
  7470 | D:10     | Noticed a molten gargoyle
  7472 | D:10     | Noticed a molten gargoyle
  7484 | D:10     | Killed a molten gargoyle
  7486 | D:10     | Killed a molten gargoyle
  7487 | D:10     | Reached XP level 11. HP: 50/109 MP: 10/10
  7815 | D:10     | Identified the +3 leather armour "Erghosu Zabi" {Contam
                  | Regen+ rCorr Slay+5}
  7954 | D:11     | Noticed a death knight
  7964 | D:11     | Killed a death knight
  7965 | D:11     | Reached skill level 12 in Unarmed Combat
  8164 | D:11     | Found Fuhuq's Fire Supplies.
  8263 | D:11     | Noticed a boulder beetle
  8284 | D:11     | Killed a boulder beetle
  8637 | D:11     | Noticed a brown ugly thing
  8643 | D:11     | Killed a brown ugly thing
  8957 | D:12     | Identified the +2 pair of gloves of Spite {Contam Str+4
                  | Slay+2}
  9017 | D:12     | Found a runed translucent gate.
  9017 | D:12     | Found a runed translucent gate.
  9017 | D:12     | Found a runed translucent gate.
  9017 | D:12     | Noticed lunkers's ghost (journeyman MeSh)
  9038 | D:12     | Noticed a red ugly thing
  9046 | D:12     | Killed a red ugly thing
  9046 | D:12     | Reached *** piety under Wu Jian
  9175 | D:12     | Identified the +0 leather armour of the Big Bang {Contam
                  | rElec Str+3 SInv}
  9311 | D:12     | Reached skill level 13 in Unarmed Combat
  9607 | Lair:1   | Entered Level 1 of the Lair of Beasts
  9623 | Lair:1   | Reached XP level 12. HP: 97/120 MP: 11/11
 10059 | Lair:1   | Reached **** piety under Wu Jian
 10265 | Lair:1   | Reached skill level 14 in Unarmed Combat
 10490 | Lair:2   | Noticed Fannar
 10510 | Lair:1   | Killed Fannar
 10692 | Lair:2   | Reached skill level 10 in Shields
 10692 | Lair:2   | Reached XP level 13. HP: 97/131 MP: 12/12
 10885 | Lair:2   | Found a staircase to the Snake Pit.
 11025 | Lair:2   | Found a staircase to the Swamp.
 11514 | Lair:3   | Reached skill level 15 in Unarmed Combat
 11563 | Lair:3   | Reached ***** piety under Wu Jian
 12738 | D:4      | Bought an amulet of reflection for 360 gold pieces
 12974 | Lair:4   | Identified the of Iduppod
 12997 | Lair:4   | HP: 6/133 [ten-headed hydra (10)]
 13181 | Lair:4   | Reached skill level 10 in Fighting
 13224 | Lair:4   | Reached skill level 16 in Unarmed Combat
 13366 | Lair:4   | Found a transporter.
 13456 | Lair:4   | Found a transporter.
 13462 | Lair:4   | Noticed justen's ghost (journeyman MfSh)
 13466 | Lair:4   | Reached XP level 14. HP: 120/143 MP: 13/13
 13520 | Lair:4   | Killed justen's ghost
 13525 | Lair:4   | Slain by a death yak

Illustrated notes

Levels and vault maps discovered:
D:1:      matt_arrival_refuge, layout_loops_ring, nicolae_grassy_gnolls
D:2:      layout_loops_cross, shapermc_ecumenical_altar_acropolis,
          nicolae_underground_beach
D:3:      layout_basic, tgw_xom, serial_park_tiny_2,
          chequers_serial_rivers_small_b, chequers_serial_rivers_micro_e,
          hellmonk_no_cap, uniq_ijyb
D:4:      layout_rooms, nicolae_shop_sticking_my_neck_out, uniq_pikel
D:5:      layout_rooms, uniq_eustachio
D:6:      layout_loops_ring, mainiacjoe_overflow_swirl,
          mainiacjoe_overflow_alcove_1, serial_shops, nicolae_shop_tiny_glass,
          enter_ossuary_1, gup_sewer_entry_pipe, due_unseen_surprise,
          uniq_crazy_yiuf_cottage
D:7:      layout_gridville, lemuel_mausoleum_altar_kikubaaqudgha,
          minmay_temple_entry_wispy, uniq_prince_ribbit1
D:8:      layout_basic, elyvilon_altar_5, mainiacjoe_overflow_paths,
          serial_shops, nicolae_stop_n_shop_2, nicolae_shop_tiny_waterfront
D:9:      layout_gridville, mainiacjoe_overflow_catwalk_spiral,
          lair_entry_dummy, orc_0_dummy
D:10:     layout_long_grid, minivault_8
D:11:     layout_roguey, nicolae_shop_fire_sale [nicolae_sub_dead_trees],
          grunt_ministairs_6
D:12:     layout_irregular_city, gammafunk_ghost_necromancy
Temple:   nicolae_temple_ecumenical_triangle
Lair:1:   layout_roguey, chequers_serial_rivers_micro_c, grunt_megastairs_2
Lair:2:   layout_regular_city, minmay_swamp_entry_worms,
          minmay_snake_entry_guardpost_small, grunt_megastairs_3, uniq_fannar
Lair:3:   kb_forest_paths, layout_chaotic_city, dreamdust_gnoll_shepherd
Lair:4:   layout_regular_city, minmay_slime_entry_pillars,
          gammafunk_ghost_berserking_beasts, grunt_megastairs_5,
          infiniplex_staircase_pool_2

Skill      XL: |  1  2  3  4  5  6  7  8  9 10 11 12 13 14 |
---------------+-------------------------------------------+-----
Shields        | 3 4 5 6 7 8 10 11 | 11.0
Unarmed Combat | 3 4 6 7 8 10 11 13 14 16 | 16.1
Fighting       | 3 4 5 6 7 8 9 10 | 10.1
Dodging        | 3 5 6 7 8 |  8.8

Action                     |  1- 3 |  4- 6 |  7- 9 | 10-12 | 13-15 || total
---------------------------+-------+-------+-------+-------+-------++-------
  Melee: Unarmed           |    85 |   126 |   350 |   628 |   458 ||  1647
         Headbutt          |       |       |       |   104 |   106 ||   210
         Bite              |       |       |       |    55 |    55 ||   110
  Throw: Boomerang         |       |       |       |       |     3 ||     3
 Invoke: Serpent's Lash    |       |       |       |     1 |       ||     1
Ability: Lunge             |       |       |     3 |    41 |    17 ||    61
         Whirlwind         |       |       |       |    55 |    27 ||    82
  Evoke: Wand              |       |     2 |     1 |    16 |       ||    19
    Use: Scroll            |       |    10 |    11 |    10 |     3 ||    34
         Potion            |       |       |       |     4 |     3 ||     7
   Stab: Sleeping          |     2 |       |     1 |     1 |       ||     4
 Armour: Robe              |    31 |    73 |   200 |   156 |       ||   460
         Troll leather arm |       |       |       |   181 |   278 ||   459
  Dodge: Dodged            |    23 |    48 |   111 |   171 |   114 ||   467
  Block: Kite shield       |    32 |    69 |    80 |       |       ||   181
         Tower shield      |       |       |   162 |   590 |   428 ||  1180

Table legend: (Time is in decaauts)
 A = Elapsed time spent in this place.
 B = Non-inter-level travel time spent in this place.
 C = Inter-level travel time spent in this place.
 D = Time resting spent in this place.
 E = Time spent auto-exploring this place.
 F = Levels seen in this place.
 G = Mean time per level.
                   A        B        C        D        E       F      G
               +--------+--------+--------+--------+--------+-----+--------+
         Total |  13465 |  11484 |   1981 |    510 |   7636 |  19 |  708.7 |
       Dungeon |   9561 |   8040 |   1521 |    349 |   5688 |  12 |  796.8 |
        Temple |     34 |      2 |     32 |      0 |      0 |   1 |   34.0 |
          Lair |   3600 |   3172 |    428 |    161 |   1895 |   4 |  900.0 |
         Sewer |     90 |     90 |      0 |      0 |     12 |   1 |   90.0 |
       Ossuary |    178 |    178 |      0 |      0 |     41 |   1 |  178.0 |
               +--------+--------+--------+--------+--------+-----+--------+

Top non-repeatable levels by time:
     D:6: 1292 daAuts
  Lair:3: 1174 daAuts
  Lair:2: 1018 daAuts
  Lair:1: 972 daAuts
     D:9: 916 daAuts
     D:7: 902 daAuts
    D:12: 811 daAuts
     D:3: 799 daAuts
    D:11: 790 daAuts
     D:2: 789 daAuts
     D:1: 784 daAuts
    D:10: 705 daAuts
     D:8: 690 daAuts
     D:5: 635 daAuts
     D:4: 442 daAuts
